 Dungeon Crawl Stone Soup version 0.19.1-1-g22dce08 (webtiles) character file.

176 theAP the Magician (level 5, -1/35 HPs)
             Began as a Mummy Wizard on Jan 3, 2017.
             Was an Initiate of Gozag.
             Slain by a scorpion (9 damage)
             ... on level 4 of the Dungeon.
             The game lasted 00:15:31 (3443 turns).

theAP the Magician (Mummy Wizard)                   Turns: 3443, Time: 00:15:32

Health: -1/35      AC:  5    Str: 10    XL:     5   Next: 30%
Magic:  5/11       EV: 12    Int: 18    God:    Gozag
Gold:   430        SH:  0    Dex: 11    Spells: 2 memorised, 8 levels left

rFire  x . .     SeeInvis .     i - +5 short sword
rCold  + . .     Gourm    .     a - +0 robe
rNeg   + + +     Faith    .     (no shield)
rPois  ∞         Spirit   .     b - +0 hat
rElec  .         Reflect  .     e - +0 cloak
rCorr  .         Harm     .     n - +0 pair of gloves
MR     .....                    d - +0 pair of boots
Stlth  ++........               (no amulet)
                                (no ring)
                                (no ring)

@: no status effects
A: no food or potions, fire vulnerability, cold resistance 1, negative energy
resistance 3, torment resistance, unbreathing
a: Potion Petition, Call Merchant, Bribe Branch, Renounce Religion


You were on level 4 of the Dungeon.
You worshipped Gozag.
Gozag was aware of your devotion.
You were not hungry.

You visited 1 branch of the dungeon, and saw 4 of its levels.

You collected 472 gold pieces.
You paid 42 gold pieces to Gozag.

Inventory:

Hand Weapons
 h - a +0 whip
 i - a +5 short sword (weapon)
Armour
 a - a +0 robe (worn)
 b - a +0 hat (worn)
 d - a +0 pair of boots (worn)
 e - a +0 cloak (worn)
 g - a +0 large shield
 n - a +0 pair of gloves (worn)
Scrolls
 f - 2 scrolls of noise
 j - a scroll of amnesia
 k - 2 scrolls of identify
 l - a scroll of teleportation {unknown}
 m - 2 scrolls of blinking {unknown}
Books
 c - a book of Minor Magic

   Spells                             Type                      Level
   a - Magic Dart                     Conjuration                  1
   b - Blink                          Translocation                2
   c - Call Imp                       Summoning                    2
   d - Repel Missiles                 Charms/Air                   2
   e - Slow                           Hexes                        2
   f - Conjure Flame                  Conjuration/Fire             3
   g - Mephitic Cloud                 Conjuration/Poison/Air       3


   Skills:
 + Level 1.4 Short Blades
 - Level 1.7 Dodging
 - Level 1.5 Stealth
 + Level 4.1 Spellcasting
 * Level 2.8 Conjurations
   Level 0.7 Summonings
   Level 0.7 Translocations


You had 8 spell levels left.
You knew the following spells:

 Your Spells              Type           Power        Failure   Level  Hunger
a - Magic Dart            Conj           ##..         6%          1    N/A
b - Conjure Flame         Conj/Fire      #.......     30%         3    N/A

Dungeon Overview and Level Annotations

Branches:
Dungeon (4/15)
 Temple: D:4-7

Altars:
Gozag
Hepliaklqana
Makhleb


Innate Abilities, Weirdness & Mutations

You do not eat or drink.
Your flesh is vulnerable to fire.
You are immune to poison.
Your flesh is cold resistant. (rC+)
You are immune to negative energy. (rN+++)
You are immune to unholy pain and torment.
You can survive without breathing.


Message History

The orc is no longer distracted by gold.
The orc hits you with a hand axe. The scorpion stings you.
* * * LOW HITPOINT WARNING * * *
You hit the scorpion.
The scorpion is lightly wounded.
The orc hits you but does no damage. The scorpion closely misses you.
You completely miss the scorpion.
The scorpion is lightly wounded.
The orc is distracted by the nearby gold.
The scorpion is distracted by the nearby gold.
The orc shouts!
You puncture the scorpion!
The scorpion is no longer distracted by gold.
The scorpion is severely wounded.
The scorpion misses you.
You hit the scorpion but do no damage.
The scorpion is severely wounded.
The scorpion stings you!
You die...
Your body crumbles into a pile of gold.

#....#######
#.......>...... .
#.........?.#.o ..
#####..........$..
...###.........:.....#
.(.............<.....#####
.........<................
#.......##o...............
#.$..s@.........#.
#....##.....#..<#
#..##.#####......# ....
#.# ......### ...
#%#....#..... ..
......##...... # ....##
#.....## ...# #...... #.
.....$..


You could see a scorpion and an orc.

Vanquished Creatures
  Terence (D:2)
  An iguana (D:4)
  Robin (D:3)
  3 adders
  A leopard gecko (D:2)
  8 orcs
  2 giant cockroaches (D:2)
  14 goblins
  9 hobgoblins
  7 jackals
  3 quokkas
  4 bats
  5 frilled lizards
  9 kobolds
  6 rats
74 creatures vanquished.

Notes
Turn   | Place    | Note
-------+----------+-------------------------------------------
     0 | D:1      | theAP the Mummy Wizard began the quest for the Orb.
     0 | D:1      | Reached XP level 1. HP: 13/13 MP: 4/4
   290 | D:1      | Reached XP level 2. HP: 19/19 MP: 0/6
   320 | D:1      | Reached skill level 1 in Conjurations
  1309 | D:2      | Found a burning altar of Makhleb.
  1309 | D:2      | Found an opulent altar of Gozag.
  1311 | D:2      | Reached XP level 3. HP: 24/24 MP: 5/8
  1335 | D:2      | Became a worshipper of Gozag Ym Sagoz the Greedy
  1659 | D:2      | Found a hazy altar of Hepliaklqana.
  1723 | D:2      | Noticed Terence
  1748 | D:2      | Killed Terence
  1748 | D:2      | Reached XP level 4. HP: 28/30 MP: 4/9
  1821 | D:2      | Reached skill level 1 in Short Blades
  1986 | D:2      | Learned a level 3 spell: Conjure Flame
  2102 | D:2      | Noticed a blizzard demon
  2106 | D:2      | Noticed a hellwing
  2106 | D:2      | Noticed a neqoxec
  2524 | D:3      | Noticed Robin
  2530 | D:3      | Killed Robin
  3370 | D:4      | Reached skill level 4 in Spellcasting
  3379 | D:4      | Reached XP level 5. HP: 28/35 MP: 4/11
  3443 | D:4      | Slain by a scorpion

Skill      XL: |  1  2  3  4 |
---------------+-------------+-----
Conjurations   | 1 2 |  2.8
Short Blades   | 1 |  1.4
Spellcasting   | 4 |  4.1
Dodging        | |  1.7
Stealth        | |  1.5
Summonings     | |  0.7
Translocations | |  0.7

Action                   |  1- 3 |  4- 6 || total
-------------------------+-------+-------++-------
Melee: Unarmed           |    10 |       ||    10
       Short sword       |    33 |    58 ||    91
 Cast: Magic Dart        |    88 |    57 ||   145
       Conjure Flame     |       |     1 ||     1
Invok: Potion Petition   |     1 |       ||     1
  Use: Scroll            |     6 |       ||     6
Armor: Robe              |    11 |    10 ||    21
Dodge: Dodged            |    41 |    27 ||    68
